 Dungeon Crawl Stone Soup version 0.27.1-33-g824d729ab1 (webtiles) character file.

Game seed: 12796484883810974233

3143 bellerephron the Carver (level 9, -9/66 HPs)
             Began as a Demonspawn Gladiator on Nov 27, 2021.
             Was a Priest of Wu Jian.
             Splashed by an acid dragon's acid (10 damage)
             ... on level 8 of the Dungeon.
             The game lasted 00:12:07 (7466 turns).

bellerephron the Carver (Demonspawn Gladiator)      Turns: 7466, Time: 00:12:08

Health: -9/66      AC:  9    Str: 16    XL:     9   Next: 62%
Magic:  9/9        EV:  9    Int: 10    God:    Wu Jian [***...]
Gold:   319        SH:  5    Dex: 16    Spells: 8/8 levels left

rFire    . . .     SeeInvis .   a - +1 long sword (elec)
rCold    . . .     Faith    .   (no shield)
rNeg     . . .     Spirit   .   s - +0 chain mail
rPois    .         Reflect  +   c - +0 helmet
rElec    .         Harm     .   A - +0 cloak
rCorr    .         Rampage  .   (no gloves)
Will     .....                  (no boots)
Stlth    ..........             h - amulet of reflection
HPRegen  0.21/turn              (no ring)
MPRegen  0.11/turn              (no ring)

@: corroded
A: talons 2, thin metallic scales 1, demonic guardian 1, powered by death 1
a: Renounce Religion, Wall Jump, Serpent's Lash


You were on level 8 of the Dungeon.
You worshipped Wu Jian.
Wu Jian was most pleased with you.
You visited 2 branches of the dungeon, and saw 9 of its levels.

You collected 319 gold pieces.

Inventory:

Hand Weapons
 a - a +1 long sword of electrocution (weapon)
 d - a +0 long sword
 r - a +0 rapier
Missiles
 f - 247 stones (quivered)
 z - 8 boomerangs
Armour
 c - a +0 helmet (worn)
 s - a +0 chain mail (worn)
 A - a +0 cloak (worn)
Jewellery
 h - an amulet of reflection (around neck)
 u - an amulet of faith
Wands
 k - a wand of paralysis (21)
 D - a wand of polymorph (4)
Scrolls
 j - 2 scrolls of fear
 l - 3 scrolls of teleportation
 p - a scroll of blinking {unknown}
 q - 2 scrolls of summoning
 w - a scroll of holy word {unknown}
 x - a scroll of magic mapping {unknown}
 y - a scroll of fog {unknown}
 B - 2 scrolls of acquirement {unknown}
 C - a scroll of silence {unknown}
Potions
 b - 2 potions of flight
 e - 5 potions of heal wounds
 g - 2 potions of brilliance
 i - a potion of ambrosia {unknown}
 m - 2 potions of haste {unknown}
 n - 3 potions of lignification
 o - a potion of magic {unknown}
 t - a potion of degeneration {unknown}
 v - 2 potions of curing {unknown}


   Skills:
 + Level 4.5 Fighting
 * Level 9.7 Long Blades
 + Level 2.2 Throwing
 + Level 4.1 Armour
 * Level 5.4 Dodging
 + Level 2.8 Shields


You had 8 spell levels left.
You didn't know any spells.
Your spell library contained the following spells:

 Spells                   Type           Power      Damage    Failure   Level
 Magic Dart               Conj           0%         1d3       99%         1
 Pain                     Necr           0%         1d4       99%         1
 Blink                    Tloc           N/A        N/A       100%        2
 Searing Ray              Conj           0%         3d3       100%        2
 Fulminant Prism          Conj/Hex       0%         3d6       100%        4
 Disjunction              Tloc           0%         N/A       100%        8
 Necromutation            Tmut/Necr      0%         N/A       100%        8


Dungeon Overview and Level Annotations

Branches:
Dungeon (8/15)             Temple (1/1) D:7
   Lair: D:8-11

Altars:
Ashenzari
Cheibriados
Dithmenos
Elyvilon
Gozag
Hepliaklqana
Kikubaaqudgha
Makhleb
Nemelex Xobeh
Okawaru
Qazlal
Ru
Sif Muna
Trog
Uskayaw
Vehumet
Wu Jian
Xom
Yredelemnul
Zin


Innate Abilities, Weirdness & Mutations

You have razor-sharp toenails.
You are partially covered in thin metallic scales. (AC +2)
A weak demonic guardian rushes to your aid.
You regenerate a little health from kills.


Message History

The acid dragon spits acid at you. The splash of acid hits you.
You are splashed with acid!
You lunge at the bullfrog.
You barely miss the bullfrog. Your kick misses the bullfrog.
The bullfrog hits you but does no damage. x2
You slash the bullfrog!
The bullfrog is moderately wounded.
You block the bullfrog's attack.
You hit the bullfrog.
You claw the bullfrog, but do no damage.
The bullfrog is heavily wounded.
The bullfrog hits you. You block the bullfrog's attack.
You hit the bullfrog.
The bullfrog is severely wounded.
The bullfrog closely misses you.
You hit the bullfrog.
The bullfrog is severely wounded.
The bullfrog hits you.
You slash the bullfrog! Lightning courses through the bullfrog!
You kill the bullfrog!
The Council accepts your kill. The acid dragon spits acid at you.
The splash of acid hits you!
A demonic guardian appears!
The acid corrodes you!
You are splashed with acid!
* * * LOW HITPOINT WARNING * * *
Unknown command.
Unknown command.
You swap places.
Your shadow imp closely misses the acid dragon.
Your shadow imp hits the acid dragon.
The acid dragon spits acid at you.
The splash of acid hits your shadow imp!!
Your shadow imp is splashed with acid.
Your shadow imp dies!
Your shadow imp disappears in a puff of smoke!
The acid dragon spits acid at you. The splash of acid hits you!
* * * LOW HITPOINT WARNING * * *
You are splashed with acid!
You die...

.........# #.........
....(....# #.........
.....$...#######.........
..)..........D§D.........
.........#######.........
... ########## #.########
... #####.#...# ..
#...#.#.#(# .
######...#@#<#.############
+...........)..............
######...#.....#.####.#####
#...#######...........
#...# ######..#### #####
##.##.. #..#.# ##.#.# #...#


You could see an acid dragon (catching breath).

Vanquished Creatures
  A two-headed ogre (D:8)
  An ugly thing (D:7)
  A wraith (D:7)
  Menkaure (D:6)
  A water moccasin (D:7)
  A black bear (D:5)
  A sky beast (D:7)
  2 necrophages
  An orc warrior (D:7)
  2 ice beasts
  3 ogres
  A centaur (D:6)
  2 bullfrogs
  Blork the orc (D:5)
  2 scorpions (D:4)
  A howler monkey (D:6)
  A centaur zombie (D:7)
  2 hounds (D:5)
  3 jellies
  A bullfrog skeleton (D:3)
  A scorpion zombie (D:3)
  Natasha (D:2)
  5 adders
  An ufetubus (D:4)
  4 adder skeletons
  2 adder zombies (D:3)
  2 worms
  3 dart slugs
  10 orcs
  4 ball pythons
  8 endoplasms
  5 giant cockroaches
  4 goblins
  7 hobgoblins
  7 jackals
  7 kobolds
  5 quokkas
  3 ball python skeletons (D:3)
  A ball python zombie (D:3)
  2 bats
  6 frilled lizards
  5 rats
122 creatures vanquished.

Notes
Turn   | Place    | Note
-------+----------+-------------------------------------------
     0 | D:1      | bellerephron the Demonspawn Gladiator began the quest for
                  | the Orb.
     0 | D:1      | Reached XP level 1. HP: 16/16 MP: 1/1
    36 | D:1      | Got the Guide on Necromancy and the Traveller
   366 | D:1      | Reached skill level 3 in Long Blades
   383 | D:1      | Gained mutation: You are partially covered in thin metallic
                  | scales. (AC +2) [demonic ancestry]
   383 | D:1      | Reached XP level 2. HP: 22/22 MP: 2/2
   926 | D:2      | Found a faded altar of an unknown god.
   949 | D:2      | Became a worshipper of the Wu Jian Council
   949 | D:2      | Reached * piety under Wu Jian
   967 | D:2      | Gained mutation: You have sharp toenails. [demonic
                  | ancestry]
   967 | D:2      | Reached XP level 3. HP: 22/27 MP: 3/3
  1703 | D:2      | Noticed Natasha
  1713 | D:2      | Killed Natasha
  1714 | D:2      | Reached XP level 4. HP: 29/34 MP: 4/4
  1786 | D:2      | Reached skill level 4 in Long Blades
  2426 | D:3      | Reached ** piety under Wu Jian
  2427 | D:3      | Gained mutation: You have razor-sharp toenails. [demonic
                  | ancestry]
  2427 | D:3      | Reached XP level 5. HP: 39/39 MP: 5/5
  2760 | D:4      | Noticed an ogre
  2764 | D:4      | Killed an ogre
  2765 | D:4      | Reached skill level 5 in Long Blades
  2765 | D:4      | Reached skill level 1 in Armour
  2765 | D:4      | Reached XP level 6. HP: 42/46 MP: 6/6
  3044 | D:4      | Noticed an ice beast
  3065 | D:4      | Killed an ice beast
  3211 | D:4      | Reached skill level 6 in Long Blades
  3211 | D:4      | Gained mutation: You regenerate a little health from kills.
                  | [demonic ancestry]
  3211 | D:4      | Reached XP level 7. HP: 43/52 MP: 7/7
  3659 | D:5      | Entered Level 5 of the Dungeon
  3684 | D:5      | Reached skill level 1 in Shields
  3861 | D:5      | Found a broken altar of Ashenzari.
  3908 | D:5      | Noticed Blork the orc
  3924 | D:5      | Killed Blork the orc
  4081 | D:5      | Reached *** piety under Wu Jian
  4122 | D:5      | Found a basalt altar of Yredelemnul.
  4137 | D:5      | Reached skill level 7 in Long Blades
  4416 | D:5      | Gained mutation: A weak demonic guardian rushes to your
                  | aid. [demonic ancestry]
  4416 | D:5      | Reached XP level 8. HP: 37/58 MP: 8/8
  5020 | D:6      | Noticed Menkaure
  5039 | D:6      | Killed Menkaure
  5350 | D:6      | Found a snail-covered altar of Cheibriados.
  5391 | D:6      | Found a stormy altar of Qazlal.
  5703 | D:6      | Reached skill level 8 in Long Blades
  5898 | D:7      | Found a hide-covered altar of Uskayaw.
  5948 | D:7      | Noticed a green ugly thing
  5968 | D:7      | Killed a green ugly thing
  5969 | D:7      | Reached XP level 9. HP: 31/65 MP: 9/9
  6162 | D:7      | Found a bloodstained altar of Trog.
  6185 | D:7      | Reached skill level 5 in Dodging
  6492 | D:7      | Reached skill level 9 in Long Blades
  6505 | D:7      | Found a staircase to the Ecumenical Temple.
  6510 | Temple   | Entered the Ecumenical Temple
  7235 | D:8      | Noticed a two-headed ogre
  7242 | D:8      | Killed a two-headed ogre
  7466 | D:8      | HP: 1/66 [acid dragon/splash of acid (16)]
  7466 | D:8      | Splashed by an acid dragon's acid

Illustrated notes

Levels and vault maps discovered:
D:1:      wander_arrival_chamber, layout_loops_ring, grunt_decor_one_mirror
D:2:      layout_loops_cross, ebering_ecumenical_altar_abandoned, fountainhead,
          minmay_puff, uniq_natasha
D:3:      layout_basic, serial_undead, serial_undead_a, serial_undead_f,
          serial_undead_a, serial_undead_d, serial_undead_d, serial_undead_c
D:4:      layout_gridville, elyvilon_altar_3, minmay_surrounded
D:5:      layout_basic, old_standard_altar, nicolae_ashenzari_skybound,
          hex_intersection, minivault_11, minmay_misc_feat_more_columns,
          uniq_blork_the_orc
D:6:      layout_basic, kennysheep_little_box,
          mainiacjoe_overflow_surrounded_room, chequers_mini_garden,
          corexii_shack, uniq_menkaure
D:7:      layout_loops_corners, mainiacjoe_overflow_concentric_impassable,
          nicolae_uskayaw_dance_hall, minmay_temple_entry_nine_rooms
D:8:      layout_basic
Temple:   cyrus_circular_temple

Skill      XL: |  1  2  3  4  5  6  7  8  9 |
---------------+----------------------------+-----
Long Blades    | 3 4 5 6 7 8 9 |  9.7
Dodging        | 3 4 5 |  5.4
Armour         | 1 2 3 4 |  4.1
Fighting       | 3 4 |  4.5
Shields        | 1 2 |  2.8
Throwing       | 2 |  2.2

Action                   |  1- 3 |  4- 6 |  7- 9 || total
-------------------------+-------+-------+-------++-------
Melee: Long sword        |   101 |   148 |   175 ||   424
       Kick              |     9 |    53 |    61 ||   123
Throw: Stone             |       |     4 |       ||     4
       Throwing net      |       |       |     5 ||     5
Invok: Whirlwind         |     1 |     9 |     6 ||    16
       Lunge             |     1 |    13 |    11 ||    25
       Serpent's Lash    |       |       |     1 ||     1
  Use: Scroll            |       |     6 |     3 ||     9
 Stab: Held in net/web   |       |       |     3 ||     3
Armor: Leather armour    |    12 |       |       ||    12
       Ring mail         |    19 |    23 |       ||    42
       Chain mail        |       |    38 |    84 ||   122
       Skin              |       |     1 |       ||     1
Dodge: Dodged            |    49 |    58 |    75 ||   182
Block: Other             |    11 |    36 |    38 ||    85
       Reflection        |     1 |     2 |       ||     3
       Rpst.: Long sword |    23 |    20 |    16 ||    59
